 Dungeon Crawl Stone Soup version 0.22.0-36-g8e74550 (webtiles) character file.

1129 chorionicmirror the Cleaver (level 8, -1/66 HPs)
             Began as a Hill Orc Fighter on Aug 24, 2018.
             Was a Believer of Cheibriados.
             Slain by a sky beast (6 damage)
             ... on level 5 of the Dungeon.
             The game lasted 00:17:40 (4972 turns).

chorionicmirror the Cleaver (Hill Orc Fighter)      Turns: 4972, Time: 00:17:41

Health: -1/66      AC:  8    Str: 26    XL:     8   Next: 35%
Magic:  10/11      EV: 13    Int: 13    God:    Cheibriados [**....]
Gold:   21         SH: 12    Dex: 20    Spells: 7/7 levels left

rFire    . . .     SeeInvis .   a - +1 war axe
rCold    . . .     Gourm    .   c - +0 shield
rNeg     . . .     Faith    .   b - +0 scale mail
rPois    +         Spirit   .   (helmet restricted)
rElec    .         Reflect  .   (no cloak)
rCorr    +         Harm     .   (no gloves)
MR       +....                  k - +0 pair of boots
Stlth    +.........             (no amulet)
HPRegen  0.21/turn              d - ring of resist corrosion
MPRegen  0.12/turn              v - ring of poison resistance

@: agile, lethally poisoned (-1 -> -2), very slow
A: hooves 1, horns 1, magic resistance 1, screaming 1
a: Bend Time, Renounce Religion


You were on level 5 of the Dungeon.
You worshipped Cheibriados.
Cheibriados was pleased with you.
You were not hungry.

You visited 2 branches of the dungeon, and saw 6 of its levels.

You collected 201 gold pieces.
You spent 180 gold pieces at shops.

Inventory:

Hand Weapons
 a - a +1 war axe (weapon)
Missiles
 l - 53 sling bullets
 t - 5 needles of sleeping
Armour
 b - a +0 scale mail (worn)
 c - a +0 shield (worn)
 k - a +0 pair of boots (worn)
Jewellery
 d - a ring of resist corrosion (left hand)
 g - an uncursed ring of ice
 v - a ring of poison resistance (right hand)
Wands
 h - a wand of random effects (21)
Scrolls
 i - 3 scrolls of remove curse
 n - 2 scrolls of identify
 o - a scroll of fear {unknown}
 q - a scroll of teleportation
 r - a scroll of enchant armour {unknown}
Potions
 m - a potion of invisibility
 p - a potion of flight
Comestibles
 f - 7 rations


   Skills:
 - Level 4.0 Fighting
 * Level 9.4 Axes
 - Level 4.3 Armour
 + Level 6.1 Shields
 + Level 4.5 Invocations


You had 7 spell levels left.
You didn't know any spells.
Your spell library was empty.

Dungeon Overview and Level Annotations

Branches:
Dungeon (5/15)             Temple (1/1) D:4

Altars:
Ashenzari
Cheibriados
Dithmenos
Fedhas
Gozag
Hepliaklqana
Kikubaaqudgha
Makhleb
Okawaru
Qazlal
Ru
Sif Muna
Trog
Uskayaw
Vehumet
Wu Jian
Xom
Yredelemnul
Zin
The Shining One

Shops:
D:5 *


Innate Abilities, Weirdness & Mutations

You have large cloven feet.
You have a pair of small horns on your head.
You are resistant to hostile enchantments. (MR+)
You occasionally shout uncontrollably at your foes.


Message History

The worker ant bites you but does no damage.
You feel sick.
The howler monkey hoots and howls with incredible vigour!
The crimson imp blinks!
Something hits you but does no damage. You block the gnoll's attack.
You feel sick. You block something's attack.
You feel sick.
A sky beast appears from thin air!
Reactivating autopickup.
The howler monkey hoots and howls with incredible vigour!
You block the sky beast's attack.
You feel sick.
The sky beast flickers out of sight!
Deactivating autopickup; reactivate with Ctrl-A.
The worker ant is no longer moving slowly.
The howler monkey is no longer moving slowly.
Something hits you.
* * * LOW HITPOINT WARNING * * *
Something shocks you.
You die...

#.#.# #)..#.#
#.#.###########.#.#.#####
#.#.............#.#......
#.###############...#####
#. ##..# #..# ##.#
.############## #>#
.......@......# ###
.#######......# #g.....#
#.###### ..#### #h#
#...... #.# #########
....... #a# #........
......##5# #........
#.#.#.#.## #........


You could see a howler monkey, a worker ant, a gnoll and a crimson imp.

Vanquished Creatures
  An ice beast (D:2)
  3 ogres (D:5)
  A scorpion (D:5)
  2 crimson imps (D:5)
  A jelly (D:5)
  4 hounds
  3 orc priests (D:4)
  2 orc wizards (D:4)
  3 worker ants
  A hound skeleton (D:5)
  7 gnolls
  7 adders
  2 shadow imps (D:5)
  An ooze (D:1)
  An adder skeleton (D:4)
  3 worms
  3 dart slugs
  2 leopard geckos (D:1)
  17 orcs
  3 ball pythons
  2 giant cockroaches
  2 gnoll zombies (D:5)
  14 goblins
  12 hobgoblins
  3 jackals (D:4)
  3 quokkas
  8 bats
  5 frilled lizards
  10 kobolds
  3 rats
129 creatures vanquished.

Notes
Turn   | Place    | Note
-------+----------+-------------------------------------------
     0 | D:1      | chorionicmirror the Hill Orc Fighter began the quest for the Orb.
     0 | D:1      | Reached XP level 1. HP: 19/19 MP: 1/1
   232 | D:1      | Reached skill level 3 in Axes
   276 | D:1      | Reached XP level 2. HP: 23/27 MP: 2/2
   421 | D:1      | Reached XP level 3. HP: 30/33 MP: 3/3
   985 | D:2      | Reached skill level 4 in Axes
  1085 | D:2      | Reached XP level 4. HP: 40/40 MP: 4/4
  1109 | D:2      | Found a hide-covered altar of Uskayaw.
  1214 | D:2      | Noticed an ice beast
  1231 | D:2      | Killed an ice beast
  1231 | D:2      | Reached skill level 5 in Axes
  1231 | D:2      | Reached XP level 5. HP: 22/46 MP: 5/5
  1673 | D:3      | Reached XP level 6. HP: 52/52 MP: 6/6
  1711 | D:3      | Reached skill level 6 in Axes
  2279 | D:3      | Found a blossoming altar of Fedhas.
  2280 | D:3      | Found a glowing golden altar of the Shining One.
  2287 | D:3      | Found a snail-covered altar of Cheibriados.
  2287 | D:3      | Found a shadowy altar of Dithmenos.
  2287 | D:3      | Found a stormy altar of Qazlal.
  2287 | D:3      | Found an ornate altar of the Wu Jian Council.
  2323 | D:3      | Became a worshipper of Cheibriados the Contemplative
  2704 | D:4      | Reached * piety under Cheibriados
  2755 | D:4      | Reached skill level 1 in Invocations
  2838 | D:4      | Found a shattered altar of Ashenzari.
  2885 | D:4      | Reached skill level 7 in Axes
  2887 | D:4      | Reached skill level 5 in Shields
  2887 | D:4      | Reached XP level 7. HP: 18/59 MP: 8/8
  3575 | D:4      | Found a staircase to the Ecumenical Temple.
  3592 | Temple   | Entered the Ecumenical Temple
  4355 | D:5      | Entered Level 5 of the Dungeon
  4361 | D:5      | Reached skill level 8 in Axes
  4416 | D:5      | Reached ** piety under Cheibriados
  4467 | D:5      | Found a basalt altar of Yredelemnul.
  4553 | D:5      | Reached XP level 8. HP: 40/66 MP: 10/10
  4718 | D:5      | Reached skill level 9 in Axes
  4793 | D:5      | Found Zymar's Assorted Antiques.
  4802 | D:5      | Bought a scroll labeled ASOMAENAUMM for 20 gold pieces
  4802 | D:5      | Bought a scroll labeled UNAPSI OLALA for 20 gold pieces
  4802 | D:5      | Bought a scroll of identify for 40 gold pieces
  4802 | D:5      | Bought a steel ring for 100 gold pieces
  4947 | D:5      | Gained mutation: You have a pair of small horns on your head. [potion of mutation]
  4947 | D:5      | Gained mutation: You have large cloven feet. [potion of mutation]
  4947 | D:5      | Gained mutation: You occasionally shout uncontrollably at your foes. [potion of mutation]
  4947 | D:5      | Gained mutation: You are resistant to hostile enchantments. (MR+) [potion of mutation]
  4972 | D:5      | Slain by a sky beast

Skill      XL: |  1  2  3  4  5  6  7  8 |
---------------+-------------------------+-----
Axes           | 3 4 5 7 8 9 |  9.4
Fighting       | 4 |  4.0
Armour         | 4 |  4.3
Shields        | 4 5 6 |  6.1
Invocations    | 1 3 4 |  4.5

Action                   |  1- 3 |  4- 6 |  7- 9 || total
-------------------------+-------+-------+-------++-------
Melee: War axe           |   118 |   198 |   106 ||   422
       Headbutt          |       |       |     2 ||     2
Invok: Bend Time         |       |       |     1 ||     1
  Use: Scroll            |     2 |     5 |     2 ||     9
       Potion            |       |     6 |     3 ||     9
 Stab: Invisible         |       |     3 |     1 ||     4
  Eat: Chunk             |     1 |     6 |     1 ||     8
       Ration            |       |       |     1 ||     1
Armor: Scale mail        |    52 |    99 |    50 ||   201
       Skin              |       |     3 |       ||     3
Dodge: Dodged            |    22 |    62 |    59 ||   143
Block: Shield            |    62 |   118 |    71 ||   251
